 Dungeon Sprint DCSS version 0.21-a0-400-g417d9d2 (webtiles) character file.

19019 Kidiri the Eclecticist (level 12, -1/75 HPs)
             Began as a Deep Elf Fire Elementalist on Oct 20, 2017.
             Was the Champion of Vehumet.
             Succumbed to a nagaraja's bolt of poison
             ... in the Dungeon (Sprint III: "The Ten Rune Challenge").
             The game lasted 00:21:35 (4194 turns).

Kidiri the Eclecticist (Deep Elf Fire Elementalist) Turns: 4194, Time: 00:21:36

Health: -1/75      AC:  4    Str:  5    XL:     12   Next: 32%
Magic:  4/37       EV: 22    Int: 26    God:    Vehumet [******]
Gold:   40         SH:  0    Dex: 15    Spells: 3/49 levels left

rFire    . . .     SeeInvis .   u - +2 dagger (drain)
rCold    . . .     Gourm    .   (no shield)
rNeg     + . .     Faith    .   r - +0 robe {rN+}
rPois    .         Spirit   .   (no helmet)
rElec    .         Reflect  .   (no cloak)
rCorr    .         Harm     .   (no gloves)
MR       +....     Clarity  +   (no boots) Stlth ++........NoTele +
                                (no amulet)
HPRegen  0.22/turn              (no ring)
MPRegen  0.25/turn              (no ring)

@: lethally poisoned (-1 -> -31)
A: repulsion field 1, molten scales 1, clarity, evolution 1
a: Renounce Religion


You were in the Dungeon.
You worshipped Vehumet.
Vehumet was exalted by your worship.
You were hungry.

You visited 1 branch You collected 40 gold pieces.

Inventory:

Hand Weapons
 u - a +2 dagger of draining (weapon)
Armour
 r - a +0 robe of positive energy (worn)
Scrolls
 e - 2 scrolls of immolation
 i - a scroll of blinking
 n - 2 scrolls of amnesia
 o - a scroll of remove curse
Potions
 d - a potion of mutation
 g - 2 potions of magic
 h - 2 potions of berserk rage
 k - 2 potions of might
 q - 2 potions of flight
Comestibles
 a - 8 chunks of flesh
 p - 30 royal jellies


   Skills:
 + Level 8.6 Fighting
 + Level 10.0 Short Blades
 + Level 8.4 Armour
 + Level 12.0 Dodging
 - Level 2.4 Stealth
 * Level 19.2 Spellcasting
 + Level 12.3 Conjurations
 + Level 12.5 Fire Magic
 + Level 9.5 Ice Magic
 + Level 5.9 Earth Magic
 + Level 8.8 Poison Magic


You had 3 spell levels left.
You knew the following spells:

 Your Spells              Type           Power        Failure   Level  Hunger
a - Flame Tongue          Conj/Fire      #####        0%          1    None
b - Throw Flame           Conj/Fire      ######       0%          2    None
c - Conjure Flame         Conj/Fire      ######..     1%          3    None
d - Inner Flame           Hex/Fire       ######..     1%          3    None
e - Ignite Poison         Fire/Tmut/Pois ######..     1%          3    None
f - Sticky Flame          Conj/Fire      ######..     1%          4    None
g - Fireball              Conj/Fire      ######....   1%          5    None
h - Throw Frost           Conj/Ice       ######       1%          2    None
i - Bolt of Cold          Conj/Ice       ######....   1%          6    ##.....
j - Iron Shot             Conj/Erth      ######....   1%          6    ##.....
k - Olgreb's Toxic Radia  Pois           ######..     1%          4    None
l - Orb of Destruction    Conj           ######....   2%          7    ####...


Dungeon Overview and Level Annotations

Branches:
Dungeon (1/1)

Altars:
Cheibriados
Dithmenos
Elyvilon
Fedhas
Gozag
Hepliaklqana
Kikubaaqudgha
Makhleb
Nemelex Xobeh
Okawaru
Qazlal
Ru
Sif Muna
Trog
Uskayaw
Vehumet
Wu Jian
Xom
Yredelemnul
Zin
The Shining One
Beogh
Jiyva
Lugonu

Annotations:
D exclusion: 7 doors


Innate Abilities, Weirdness & Mutations

You are surrounded by a mild repulsion field. (EV +2)
You are partially covered in molten scales. (AC +2)
You possess an exceptional clarity of mind.
You evolve.


Message History

Unknown command.
You feel sick.
The nagaraja gestures at you while chanting.
The bolt of poison hits you!
You are lethally poisoned!
* * * LOW HITPOINT WARNING * * *
* * * LOW HITPOINT WARNING * * *
You feel sick.
Unknown command.
* * * LOW HITPOINT WARNING * * *
You feel sick.
* * * LOW HITPOINT WARNING * * *
You feel sick.
You see here an inedible chunk of flesh.
Unknown command.
It was a potion of cancellation.
Your magical effects are unravelling.
You feel magically purged.
You feel yourself slow down.
You die...

#≈P..........♣
♣..#.##...#
J+≈≈...########♣♣
♣♣.##.##..#
J#≈≈≈...%.....PP♣
♣♣.##.#####
.#≈≈≈≈P.%PP%..%P♣
♣.....#
###########'############
#..%.%......##
#...%........#
###########..#
##...@.......#
#....%..%...##
#..##########
#...%.N%....##
##.......N...#
##########..#
..)N§.N...# ..)......##
##########


There were no monsters in sight!

Vanquished Creatures
  Rupert (D)
  Josephine (D)
  A centaur warrior (D)
  2 anacondas (D)
  4 death yaks (D)
  Urug (D)
  2 unseen horrors (D)
  A lindwurm (D)
  A deep elf mage (D)
  4 black mambas (D)
  2 spiny frogs (D)
  A rime drake (D)
  A komodo dragon (D)
  3 wandering mushrooms (D)
  A queen bee (D)
  2 tyrant leeches (D)
  8 blink frogs (D)
  A shadow (D)
  3 redbacks (D)
  A spatial vortex (D)
  8 water moccasins (D)
  2 nagas (D)
  A swamp drake (D)
  A necrophage (D)
  2 centaurs (D)
  An earth elemental (D)
  A water elemental (D)
  32 killer bees (D)
  A jelly (D)
  A wizard (D)
  Jessica (D)
  A necromancer (D)
  A kobold demonologist (D)
  3 humans (D)
  5 adders (D)
  A phantom (D)
  3 rats (D)
106 creatures vanquished.

Vanquished Creatures (others)
  2 draconian scorchers (D)
  Nessos (D)
  6 hellions (D)
  2 yaktaurs (D)
  3 plants (D)
14 creatures vanquished.

Grand Total: 120 creatures vanquished

Notes
Turn   | Place    | Note
-------+----------+-------------------------------------------
     0 | D        | Kidiri the Deep Elf Fire Elementalist began the quest for the Orb.
     0 | D        | Reached XP level 1. HP: 10/10 MP: 6/6
    76 | D        | Killed a yaktaur
    77 | D        | Noticed Jessica
    77 | D        | Killed a hellion
    82 | D        | Killed Jessica
    82 | D        | Reached skill level 6 in Spellcasting
    82 | D        | Reached XP level 2. HP: 15/15 MP: 6/11
    90 | D        | Learned a level 2 spell: Throw Flame
   114 | D        | Killed a hellion
   176 | D        | Killed a hellion
   188 | D        | Reached skill level 7 in Spellcasting
   188 | D        | Reached skill level 5 in Fire Magic
   188 | D        | Reached XP level 3. HP: 6/19 MP: 1/13
   190 | D        | Killed a white draconian scorcher
   202 | D        | Killed a white draconian scorcher
   209 | D        | Learned a level 3 spell: Conjure Flame
   213 | D        | Learned a level 3 spell: Inner Flame
   227 | D        | Gained mutation: You occasionally shout uncontrollably at your foes. [potion of mutation]
   227 | D        | Gained mutation: You possess an exceptional clarity of mind. [potion of mutation]
   227 | D        | Gained mutation: You have large cloven feet. [potion of mutation]
   227 | D        | Gained mutation: You are robust. (+10% HP) [potion of mutation]
   228 | D        | Lost mutation: You are robust. (+10% HP) [potion of mutation]
   228 | D        | Lost mutation: You have large cloven feet. [potion of mutation]
   228 | D        | Lost mutation: You possess an exceptional clarity of mind. [potion of mutation]
   228 | D        | Gained mutation: Your flesh is cold resistant. (rC+) [potion of mutation]
   228 | D        | Gained mutation: Armour fits poorly on your strangely shaped body. [potion of mutation]
   228 | D        | Gained mutation: You passively map a small area around you. [potion of mutation]
   228 | D        | Gained mutation: Your mind is acute. (Int +2) [potion of mutation]
   229 | D        | Lost mutation: Your flesh is cold resistant. (rC+) [potion of mutation]
   229 | D        | Lost mutation: Your mind is acute. (Int +2) [potion of mutation]
   229 | D        | Gained mutation: You are frail. (-10% HP) [potion of mutation]
   229 | D        | Lost mutation: You are frail. (-10% HP) [potion of mutation]
   230 | D        | Lost mutation: Armour fits poorly on your strangely shaped body. [potion of mutation]
   230 | D        | Lost mutation: You passively map a small area around you. [potion of mutation]
   230 | D        | Lost mutation: You occasionally shout uncontrollably at your foes. [potion of mutation]
   230 | D        | Gained mutation: You are agile. (Dex +2) [potion of mutation]
   230 | D        | Gained mutation: You are very agile. (Dex +4) [potion of mutation]
   231 | D        | Lost mutation: You are very agile. (Dex +4) [potion of mutation]
   231 | D        | Lost mutation: You are agile. (Dex +2) [potion of mutation]
   231 | D        | Gained mutation: You are partially covered in molten scales. (AC +2) [potion of mutation]
   231 | D        | Gained mutation: You evolve. [potion of mutation]
   231 | D        | Gained mutation: You are surrounded by a mild repulsion field. (EV +2) [potion of mutation]
   231 | D        | Killed a hellion
   239 | D        | Killed a hellion
   249 | D        | Killed a hellion
   418 | D        | Noticed a water elemental
   422 | D        | Killed a water elemental
   422 | D        | Reached skill level 9 in Spellcasting
   422 | D        | Reached skill level 5 in Conjurations
   422 | D        | Reached XP level 4. HP: 24/24 MP: 7/17
   429 | D        | Learned a level 4 spell: Sticky Flame
   488 | D        | Found a radiant altar of Vehumet.
   489 | D        | Found a deep blue altar of Sif Muna.
   489 | D        | Found an ancient bone altar of Kikubaaqudgha.
   489 | D        | Noticed a wizard
   491 | D        | Killed a wizard
   491 | D        | Reached XP level 5. HP: 28/28 MP: 14/19
   494 | D        | Reached skill level 10 in Spellcasting
   514 | D        | Learned a level 5 spell: Fireball
   523 | D        | Became a worshipper of Vehumet
   537 | D        | Killed a yaktaur
   555 | D        | Found a glowing silver altar of Zin.
   555 | D        | Found a glowing golden altar of the Shining One.
   555 | D        | Found a white marble altar of Elyvilon.
   556 | D        | Noticed a deep elf mage
   561 | D        | Killed a deep elf mage
   561 | D        | Reached skill level 5 in Dodging
   561 | D        | Reached skill level 12 in Spellcasting
   561 | D        | Reached XP level 6. HP: 36/37 MP: 15/23
   561 | D        | Reached XP level 7. HP: 40/41 MP: 15/24
   570 | D        | Killed Nessos
   607 | D        | Found an ornate altar of the Wu Jian Council.
   607 | D        | Found a roughly hewn altar of Beogh.
   607 | D        | Found an iron altar of Okawaru.
   607 | D        | Found a bloodstained altar of Trog.
   607 | D        | Found a hide-covered altar of Uskayaw.
   607 | D        | Noticed a human
   610 | D        | Noticed a human
   611 | D        | Killed a human
   611 | D        | Killed a human
   611 | D        | Reached * piety under Vehumet
   611 | D        | Offered knowledge of Sandblast by Vehumet.
   611 | D        | Reached skill level 13 in Spellcasting
   764 | D        | Found a basalt altar of Yredelemnul.
   764 | D        | Found a shadowy altar of Dithmenos.
   764 | D        | Found a sacrificial altar of Ru.
   875 | D        | Noticed a shadow
   877 | D        | Killed a shadow
   877 | D        | Offered knowledge of Throw Frost by Vehumet.
   877 | D        | Reached ** piety under Vehumet
   877 | D        | Reached XP level 8. HP: 48/48 MP: 21/27
   881 | D        | Learned a level 2 spell: Throw Frost
   917 | D        | Found a blossoming altar of Fedhas.
   917 | D        | Found a stormy altar of Qazlal.
   917 | D        | Found a snail-covered altar of Cheibriados.
   917 | D        | Found a burning altar of Makhleb.
   917 | D        | Found a shimmering altar of Xom.
   918 | D        | Found a hazy altar of Hepliaklqana.
   918 | D        | Found an opulent altar of Gozag.
   918 | D        | Found a sparkling altar of Nemelex Xobeh.
   918 | D        | Found a corrupted altar of Lugonu.
   918 | D        | Found a viscous altar of Jiyva.
   933 | D        | Reached skill level 1 in Ice Magic
  1026 | D        | Noticed Josephine
  1029 | D        | Killed Josephine
  1029 | D        | Offered knowledge of Ignite Poison by Vehumet.
  1029 | D        | Reached skill level 5 in Fighting
  1029 | D        | Reached skill level 5 in Short Blades
  1029 | D        | Reached skill level 14 in Spellcasting
  1029 | D        | Reached XP level 9. HP: 54/54 MP: 12/29
  1034 | D        | Learned a level 3 spell: Ignite Poison
  1189 | D        | Noticed a centaur warrior
  1190 | D        | Reached *** piety under Vehumet
  1191 | D        | Killed a centaur warrior
  1191 | D        | Reached skill level 5 in Armour
  1191 | D        | Reached skill level 15 in Spellcasting
  1191 | D        | Offered knowledge of Stone Arrow by Vehumet.
  1295 | D        | Noticed an unseen horror
  1303 | D        | Killed an unseen horror
  1303 | D        | Reached skill level 10 in Fire Magic
  1312 | D        | Noticed an unseen horror
  1344 | D        | Killed an unseen horror
  1344 | D        | Reached **** piety under Vehumet
  1344 | D        | Reached skill level 5 in Ice Magic
  1458 | D        | Noticed a queen bee
  1465 | D        | Offered knowledge of Olgreb's Toxic Radiance by Vehumet.
  1465 | D        | Reached XP level 10. HP: 51/60 MP: 23/31
  1472 | D        | Reached ***** piety under Vehumet
  1475 | D        | Reached skill level 16 in Spellcasting
  1475 | D        | Reached skill level 10 in Conjurations
  1476 | D        | Reached ****** piety under Vehumet
  1598 | D        | Gained mutation: You possess an exceptional clarity of mind. [evolution]
  1697 | D        | Learned a level 4 spell: Olgreb's Toxic Radiance
  1743 | D        | Offered knowledge of Orb of Destruction by Vehumet.
  1746 | D        | Reached skill level 5 in Poison Magic
  1826 | D        | Learned a level 7 spell: Orb of Destruction
  1832 | D        | Offered knowledge of Throw Icicle by Vehumet.
  1928 | D        | Noticed a spiny frog
  1928 | D        | Noticed a spiny frog
  1933 | D        | Killed a spiny frog
  1935 | D        | Killed a spiny frog
  2043 | D        | Reached skill level 10 in Dodging
  2389 | D        | Reached skill level 17 in Spellcasting
  2770 | D        | Noticed a lindwurm
  2777 | D        | Killed a lindwurm
  2777 | D        | Reached XP level 11. HP: 63/67 MP: 13/34
  2779 | D        | Offered knowledge of Iron Shot by Vehumet.
  2830 | D        | Learned a level 6 spell: Iron Shot
  3058 | D        | Noticed Urug
  3061 | D        | Killed Urug
  3061 | D        | Reached skill level 1 in Earth Magic
  3157 | D        | Offered knowledge of Irradiate by Vehumet.
  3214 | D        | Noticed Rupert
  3218 | D        | Paralysed by Rupert for 4 turns
  3223 | D        | Killed Rupert
  3223 | D        | Reached skill level 18 in Spellcasting
  3534 | D        | Noticed a death yak
  3535 | D        | Noticed a death yak
  3535 | D        | Noticed a death yak
  3539 | D        | Noticed a death yak
  3541 | D        | Killed a death yak
  3542 | D        | Killed a death yak
  3542 | D        | Killed a death yak
  3552 | D        | Killed a death yak
  3552 | D        | Offered knowledge of Bolt of Cold by Vehumet.
  3552 | D        | Reached skill level 5 in Earth Magic
  3552 | D        | Reached XP level 12. HP: 48/74 MP: 7/36
  3560 | D        | Learned a level 6 spell: Bolt of Cold
  3671 | D        | Noticed an azure jelly
  3671 | D        | Noticed an azure jelly
  3998 | D        | Noticed an anaconda
  4002 | D        | Killed an anaconda
  4002 | D        | Reached skill level 19 in Spellcasting
  4003 | D        | Offered knowledge of Spellforged Servitor by Vehumet.
  4082 | D        | Noticed an anaconda
  4084 | D        | Killed an anaconda
  4084 | D        | Reached skill level 10 in Short Blades
  4146 | D        | Offered knowledge of Ozocubu's Refrigeration by Vehumet.
  4171 | D        | Noticed a naga warrior
  4171 | D        | Noticed a nagaraja
  4192 | D        | HP: 3/75 [poisoned by a nagaraja (bolt of poison)]
  4193 | D        | HP: 1/75 [poisoned by a nagaraja (bolt of poison)]
  4194 | D        | Succumbed to a nagaraja's bolt of poison

Vault maps used:
D:        dungeon_sprint_mu

Skill      XL: |  1  2  3  4  5  6  7  8  9 10 11 12 |
---------------+-------------------------------------+-----
Spellcasting   | 6 7 9 12 13 14 15 17 18 19 | 19.2
Conjurations   | 3 5 7 8 9 10 11 12 | 12.3
Fire Magic     | 4 5 6 7 8 9 10 11 12 | 12.5
Fighting       | 3 4 5 6 7 8 |  8.6
Short Blades   | 3 4 5 6 8 9 10 | 10.0
Armour         | 2 3 4 5 6 8 |  8.4
Dodging        | 5 6 7 8 10 11 12 | 12.0
Ice Magic      | 3 5 7 8 9 |  9.5
Poison Magic   | 3 6 8 |  8.8
Earth Magic    | 5 |  5.9
Stealth        | |  2.4

Action                   |  1- 3 |  4- 6 |  7- 9 | 10-12 || total
-------------------------+-------+-------+-------+-------++-------
Melee: Dagger            |       |     3 |     1 |    10 ||    14
 Cast: Flame Tongue      |    26 |     2 |    29 |    13 ||    70
       Conjure Flame     |     1 |       |     5 |     2 ||     8
       Sticky Flame      |       |     3 |     4 |    12 ||    19
       Fireball          |       |       |    10 |     3 ||    13
       Inner Flame       |       |       |     5 |     2 ||     7
       Ignite Poison     |       |       |     2 |    22 ||    24
       Orb of Destructio |       |       |       |    17 ||    17
       Olgreb's Toxic Ra |       |       |       |    16 ||    16
       Iron Shot         |       |       |       |     9 ||     9
       Bolt of Cold      |       |       |       |    11 ||    11
  Use: Potion            |     7 |       |       |     3 ||    10
       Scroll            |       |     2 |       |     1 ||     3
 Stab: Sleeping          |       |     2 |       |     1 ||     3
       Distracted        |       |       |       |     1 ||     1
  Eat: Fruit             |       |       |     1 |       ||     1
       Chunk             |       |       |     2 |     9 ||    11
       Bread ration      |       |       |       |     1 ||     1
Armor: Robe              |     3 |       |     3 |     5 ||    11
Dodge: Dodged            |     8 |     2 |    22 |    45 ||    77

Table legend:
 A = Spawn XP
 B = Non-spawn XP
 C = Spawn XP percentage of total XP
 D = Spawn monster count
 E = Non-spawn monster count
 F = Spawn count percentage of total count
 G = Total turns spent on level
                    A         B        C        D         E        F      G
               +---------+---------+-------+---------+---------+-------+---------
         Total |       0 |   27171 |   0.0 |       0 |     106 |   0.0 |  4194
               +---------+---------+-------+---------+---------+-------+---------
             D |       0 |   27171 |   0.0 |       0 |     106 |   0.0 |  4194
               +---------+---------+-------+---------+---------+-------+---------
